 Dungeon Crawl Stone Soup version 0.19-a0-1206-g6bcb79c (webtiles) character file.

568 epen the Insei (level 7, -6/55 HPs)
             Began as a Demonspawn Monk on Aug 21, 2016.
             Mangled by an ogre
             ... wielding a +0 giant club
              (27 damage)
             ... on level 4 of the Dungeon.
             The game lasted 00:06:03 (4172 turns).

epen the Insei (Demonspawn Monk)                    Turns: 4172, Time: 00:06:04

Health: -6/55      AC:  6    Str: 11    XL:     7   Next: 11%
Magic:  7/7        EV: 15    Int: 11    God:
Gold:   149        SH:  0    Dex: 18    Spells: 0 memorised, 6 levels left

rFire  + . .     SeeInvis .     m - +1 dagger (venom)
rCold  . . .     Gourm    .     n - +2 animal skin
rNeg   . . .     Faith    .     (no shield)
rPois  .         Spirit   .     o - +1 helmet
rElec  .         Dismiss  .     (no cloak)
rCorr  .         Reflect  .     (no gloves)
MR     .....     Harm     .     (no boots)
Stlth  ++........               (no amulet)
                                (no ring)
                                c - ring of protection from fire (curse)

@: lethally poisoned (-6 -> -7)
A: talons 1, powered by death 1, rot immunity, sturdy frame 1
a: no special abilities


You were on level 4 of the Dungeon.
You were not hungry.

You visited 1 branch of the dungeon, and saw 4 of its levels.

You collected 149 gold pieces.

Inventory:

Hand Weapons
 m - a +1 dagger of venom (weapon)
Armour
 a - a +1 robe
 n - a +2 animal skin (worn)
 o - a +1 helmet (worn)
Jewellery
 c - a cursed ring of protection from fire (left hand)
Wands
 A - a wand of paralysis (16/24)
Scrolls
 d - a scroll of fog
 e - a scroll of enchant armour
 g - 4 scrolls of identify
 k - a scroll of remove curse
 p - a scroll of magic mapping
 x - a scroll of teleportation
Potions
 f - a potion of lignification {unknown}
 j - a potion of invisibility
 l - 2 potions of might {unknown}
 q - 3 potions of brilliance {unknown}
 u - a potion of cure mutation
 v - 2 potions of ambrosia
Comestibles
 b - 2 bread rations
 h - a beef jerky
 i - 2 fruits
 s - a meat ration


   Skills:
 + Level 4.7 Fighting
 + Level 4.3 Dodging
 - Level 1.7 Stealth
 * Level 5.6 Unarmed Combat


You had 6 spell levels left.
You didn't know any spells.

Dungeon Overview and Level Annotations

Branches:
Dungeon (4/15)
 Temple: D:4-7

Altars:
Trog
The Shining One

Annotations:
D:4 Dirtsage's ghost, novice DsMo


Innate Abilities, Weirdness & Mutations

You have sharp toenails.
You regenerate a little health from kills.
You are immune to rotting.
Your movements are slightly less encumbered by armour. (ER -2)


Message History

You feel sick.
You barely miss the ogre. You claw the ogre, but do no damage.
The ogre closely misses you.
You hit the ogre.
The ogre is poisoned.
You claw the ogre.
The ogre is lightly wounded.
You feel sick. The ogre barely misses you.
You feel sick.
You feel sick.
You open the door.
You feel sick.
You hit the ogre. Your kick misses the ogre.
The ogre is heavily wounded.
The ogre barely misses you.
You hit the ogre.
The ogre looks even sicker.
You claw the ogre.
The ogre is severely wounded.
The ogre hits you with a giant club!!
You hit the ogre.
The ogre looks as sick as possible!
You claw the ogre, but do no damage.
The ogre is almost dead.
The ogre hits you with a giant club!!
You die...

..........# #.....#
..........# #.....#
..........# #.....#
.<........######.....#
........%............+
$.........######.#####
..........# #.#
........†.# #O#
..........# #@#
..........# #'#
.........$. ...
...........# ....#
............ ......
..........#.#.......
#....... .........
####


You could see an ogre.

Vanquished Creatures
  A phantom (D:4)
  An ogre (D:3)
  The ghost of Aquadorian the Firebug, an amateur HOFE (D:3)
  A giant frog zombie (D:3)
  A hound (D:4)
  Ijyb (D:2)
  2 worker ants (D:4)
  Robin (D:2)
  9 adders
  2 worms (D:3)
  A dart slug (D:2)
  A giant gecko (D:3)
  3 orcs (D:3)
  6 bats
  3 giant cockroaches
  19 goblins
  5 hobgoblins
  8 jackals
  2 quokkas
  3 giant newts
  A jackal skeleton (D:4)
  6 kobolds
  7 rats
85 creatures vanquished.

Notes
Turn   | Place    | Note
-------+----------+-------------------------------------------
     0 | D:1      | epen the Demonspawn Monk began the quest for the Orb.
     0 | D:1      | Reached XP level 1. HP: 18/18 MP: 1/1
   627 | D:1      | Gained mutation: You have sharp toenails. [demonic ancestry]
   627 | D:1      | Reached XP level 2. HP: 24/24 MP: 2/2
   736 | D:1      | Reached skill level 3 in Unarmed Combat
  1244 | D:2      | Noticed Ijyb
  1634 | D:2      | Found a glowing golden altar of the Shining One.
  1634 | D:2      | Found a bloodstained altar of Trog.
  1686 | D:2      | Gained mutation: You are immune to rotting. [demonic ancestry]
  1686 | D:2      | Reached XP level 3. HP: 26/29 MP: 3/3
  1995 | D:2      | Noticed Robin
  2043 | D:2      | Killed Robin
  2052 | D:2      | Reached XP level 4. HP: 15/35 MP: 4/4
  2418 | D:2      | Killed Ijyb
  2671 | D:2      | Reached skill level 4 in Unarmed Combat
  2864 | D:3      | Gained mutation: Your movements are slightly less encumbered by armour. (ER -2) [demonic ancestry]
  2864 | D:3      | Reached XP level 5. HP: 42/42 MP: 5/5
  2889 | D:3      | Noticed Aquadorian's ghost (amateur HOFE)
  2927 | D:3      | Killed Aquadorian's ghost
  3219 | D:3      | Gained mutation: You regenerate a little health from kills. [demonic ancestry]
  3219 | D:3      | Reached XP level 6. HP: 31/48 MP: 6/6
  3840 | D:4      | Noticed Dirtsage's ghost (novice DsMo)
  3905 | D:4      | Reached skill level 5 in Unarmed Combat
  4118 | D:3      | Reached XP level 7. HP: 46/55 MP: 7/7
  4172 | D:4      | Mangled by an ogre

Vault maps used:
D:1:      lemuel_arrival_muddy
D:2:      gammafunk_temple_overflow_elements, grunt_ministairs_15,
          kennysheep_generic_room_3, uniq_robin, uniq_iyjb
D:4:      serial_shops, shop

Skill      XL: |  1  2  3  4  5  6 |
---------------+-------------------+-----
Dodging        | 3 4 |  4.3
Unarmed Combat | 3 4 5 |  5.6
Fighting       | 4 |  4.7
Stealth        | |  1.7

Action                   |  1- 3 |  4- 6 |  7- 9 || total
-------------------------+-------+-------+-------++-------
Melee: Unarmed           |    93 |    43 |       ||   136
       Punch             |     2 |     4 |       ||     6
       Kick              |    32 |    74 |     5 ||   111
       Dagger            |    62 |   186 |     8 ||   256
  Use: Scroll            |     5 |     5 |       ||    10
       Potion            |     3 |     1 |       ||     4
 Stab: Sleeping          |     6 |     8 |       ||    14
  Eat: Chunk             |     3 |     7 |     1 ||    11
Armor: Robe              |    29 |       |       ||    29
       Animal skin       |       |    73 |     1 ||    74
Dodge: Dodged            |   115 |   156 |     4 ||   275
